Description

a stim and combat shield build designed to deny the third base of the protoss. Has a surprisingly good economic power behind it, main weakness is the lack of medivacs so be careful not to overstim.

very dynamic, has allot of early units, I also find this works well in team games like 2v2.

it works up to at least 4.9k(master 1 at the time) on NA, might be able to get it higher but im bad. I get supply blocked at the end. whoops

here's a similar build that maru did vs parting. VVVVVVVVV

VOD

https://youtu.be/GOqxkPW9iFA?t=1852

Replay - 3 RAX

Build Order

Get SALT Encoding   

  12  0:02  SCV  
  12  0:14  SCV  
  12  0:17  Supply Depot  
  12  0:26  SCV  
  12  0:38  SCV  
  12  0:39  Barracks  
  12  0:43  Refinery  
  12  0:51  SCV  
  12  1:03  SCV  
  12  1:15  SCV  
  12  1:26  Marine  
  12  1:27  Orbital Command  
  12  1:43  Command Center  
  12  1:53  SCV  
  12  1:56  Barracks  
  12  2:00  Barracks Reactor  
  12  2:05  SCV  
  12  2:10  Supply Depot  
  12  2:17  SCV  
  12  2:22  Barracks  
  12  2:37  Marine x2  
  12  2:43  Barracks Tech Lab  
  12  2:55  Orbital Command, Marine x2  
  12  3:02  Marauder  
  12  3:03  Stimpack  
  12  3:09  Barracks Tech Lab  
  12  3:13  Marine x2  
  12  3:24  Marauder x2  
  12  3:26  Supply Depot  
  12  3:29  Combat Shield  
  12  3:33  Marine x2  
  12  3:47  Marauder x2  
  12  3:50  Supply Depot  
  12  3:53  Marine  
  12  4:09  Command Center  
  12  4:25  Factory  
  12  4:27  Refinery x2  
  12  4:33  Refinery  
  12  4:44  Supply Depot  
  12  5:09  Engineering Bay x2  
  12  5:11  Factory Reactor, Starport  
Spawning Tool Build Advisor. Get it on Overwolf

Analysis

People tell me this is a cheese and yada yada and it kind of is but in this build I take my third base at 4:10 which is earlier the people telling me its a cheese so.......

remember 17 scout, you can make a reaper if you really want to scout for DTs.

Go to:

Details

  • Created by: Peekanoob
  • Published on: Sep 16, 2021
  • Modified on: Sep 16, 2021
  • Patch: 4.11.0
  • Difficulty: Easy
Show
View Real Time Build Order
Export as new Build Order

Comments (1)

On Oct. 3, 2021, 12:02 a.m., Over  said:

I fixed the supply count:
https://lotv.spawningtool.com/build/158009/

Create an account to comment!